 Dungeon Crawl Stone Soup version 0.29.1-12-g30fa7ad0bf (webtiles) character file.

Game seed: 10591961046605405966

75786 112233 the Spry (level 15, -1/73 HPs)
             Began as a Felid Air Elementalist on Dec 21, 2022.
             Was an Initiate of Gozag.
             Killed by the air
             ... invoked by a wind drake
              (15 damage)
             ... on level 4 of the Shoals on Dec 22, 2022.
             The game lasted 00:57:52 (55452 turns).

112233 the Spry (Felid Air Elementalist)           Turns: 55452, Time: 00:57:53

Health: -1/73      AC: 18    Str:  4    XL:     15   Next: 10%
Magic:  4/35       EV: 37    Int: 36    God:    Gozag
Gold:   601        SH:  0    Dex: 17    Spells: 2/45 levels left
                                        Lives:  0   Deaths: 5

rFire   . . .      SeeInvis +     - Unarmed
rCold   . . .      Faith    .   (shield unavailable)
rNeg    . . .      Spirit   .   (body armour unavailable)
rPois   ∞          Reflect  .   (helmet unavailable)
rElec   +          Harm     .   (cloak unavailable)
rCorr   .          Rampage  .   (gloves unavailable)
Will    ++...                   (boots unavailable)
Stlth   ++........              W - amulet of regeneration
HPRegen 1.02/turn               U - +6 ring of intelligence
MPRegen 0.24/turn               M - +6 ring of intelligence

@: storm-form, gold aura, flying
A: cleaving, insubstantial, flying, very small, (claws 1), (fangs 3), see
invisible, (speed 1), (shaggy fur 3), (stealthy paws), no weapons or thrown
items, no armour, multi-lived
a: Blinkbolt, End Transformation, Renounce Religion, Potion Petition, Call
Merchant, Bribe Branch


You were on level 4 of the Shoals.
You worshipped Gozag.
Gozag was pleased with you.
You were a lightning-filled tempest!
You visited 5 branches of the dungeon, and saw 27 of its levels.
You also visited: Ossuary.

You collected 9850 gold pieces.
You spent 3085 gold pieces at shops.
You paid 6164 gold pieces to Gozag.

Inventory:

Jewellery
 g - an amulet of guardian spirit
 r - a ring of magical power
 K - a ring of ice
 M - a +6 ring of intelligence (right paw)
 N - a ring of resist corrosion
 Q - a +4 ring of protection
 R - a ring of positive energy
 S - a ring of flight
 T - the ring of Touhijy {rPois rN+ EV+4 Dex+2 Stlth+}
   (You found it on level 1 of the Shoals)

   [ring of evasion]

   EV:        It affects your evasion (+4).
   Dex:       It affects your dexterity (+2).
   rPois:     It protects you from poison.
   rN:        It protects you from negative energy.
   Stlth:     It makes you more stealthy.
 U - a +6 ring of intelligence (left paw)
 V - a ring of ice
 W - an amulet of regeneration (around neck)
 X - a ring of willpower
Wands
 n - a wand of mindburst (15)
 H - a wand of iceblast (15)
 J - a wand of flame (25)
 L - a wand of digging (3)
 Y - a wand of polymorph (3)
 Z - a wand of paralysis (5)
Scrolls
 c - 3 scrolls of blinking
 d - 3 scrolls of torment
 h - 8 scrolls of butterflies
 l - 4 scrolls of noise
 m - 6 scrolls of teleportation
 p - 4 scrolls of vulnerability
 u - 6 scrolls of brand weapon
 v - 2 scrolls of silence
 w - 3 scrolls of amnesia
 x - 9 scrolls of enchant armour
 y - 3 scrolls of fear
 A - 6 scrolls of poison
 F - 5 scrolls of magic mapping
 I - 3 scrolls of enchant weapon
 O - 3 scrolls of identify
Potions
 a - 3 potions of magic
 b - 8 potions of curing
 e - 8 potions of haste
 f - 4 potions of brilliance
 i - 8 potions of degeneration
 j - a potion of resistance {unknown}
 k - 7 potions of might
 o - 2 potions of lignification {unknown}
 q - 4 potions of cancellation
 s - 7 potions of heal wounds
 t - 6 potions of flight
 B - 3 potions of invisibility {unknown}
 C - 4 potions of ambrosia
 D - a potion of experience {unknown}
 E - 6 potions of mutation
 G - 2 potions of attraction {unknown}
 P - 3 potions of berserk rage


   Skills:
 + Level 13.0 Fighting
 + Level 16.9 Dodging
 - Level 2.8 Stealth
 * Level 4.7 Unarmed Combat
 - Level 15.9 Spellcasting
 - Level 1.0 Conjurations
 * Level 8.3 Transmutations
 - Level 16.2 Air Magic


You had 2 spell levels left.
You knew the following spells:

 Your Spells              Type           Power      Damage    Failure   Level
a - Lightning Bolt        Conj/Air       37%        1d55      1%          5
b - Summon Lightning Spi  Summ/Air       72%        N/A       1%          4
c - Airstrike             Air            49%        2d(7-23)  0%          4
d - Storm Form            Tmut/Air       43%        N/A       7%          7
e - Passwall              Tmut/Erth      45%        N/A       1%          2
f - Static Discharge      Conj/Air       74%        3-13/arc  1%          2
g - Shock                 Conj/Air       100%       1d9       1%          1
h - Swiftness             Air            98%        N/A       0%          3
i - Blink                 Tloc           56%        N/A       1%          2
j - Silence               Hex/Air        36%        N/A       1%          5
k - Maxwell's Capacitive  Air            49%        ∞         11%         8

Your spell library contained the following spells:

 Spells                   Type           Power      Damage    Failure   Level
 Beastly Appendage        Tmut           100%       N/A       1%          1
 Freeze                   Ice            100%       1d11      1%          1
 Slow                     Hex            100%       N/A       1%          1
 Sting                    Tmut/Pois      100%       1d8       1%          1
 Call Imp                 Summ           28%        N/A       1%          2
 Ensorcelled Hibernation  Hex/Ice        56%        N/A       1%          2
 Poisonous Vapours        Pois/Air       100%       N/A       1%          2
 Wereblood                Tmut           73%        N/A       1%          2
 Spider Form              Tmut/Pois      55%        N/A       1%          3
 Confusing Touch          Hex            28%        N/A       3%          3
 Dazzling Flash           Conj/Hex       64%        N/A       3%          3
 Frozen Ramparts          Ice            56%        1d9       3%          3
 Gell's Gravitas          Tloc           28%        N/A       3%          3
 Lesser Beckoning         Tloc           28%        N/A       3%          3
 Ozocubu's Armour         Ice            28%        N/A       3%          3
 Summon Guardian Golem    Hex/Summ       28%        N/A       3%          3
 Teleport Other           Tloc           28%        N/A       3%          3
 Tukima's Dance           Hex            28%        N/A       3%          3
 Vampiric Draining        Necr           28%        2d8       3%          3
 Freezing Cloud           Conj/Ice/Air   31%        6-21      3%          5
 Yara's Violent Unravell  Hex/Tmut       27%        3d12      6%          5
 Fulminant Prism          Conj/Hex       16%        3d11      11%         4
 Hailstorm                Conj/Ice       32%        3d8       11%         4
 Iskenderun's Mystic Bla  Conj/Tloc      32%        2d8       11%         4
 Cause Fear               Hex            14%        N/A       13%         4
 Dispel Undead            Necr           28%        3d13      13%         4
 Olgreb's Toxic Radiance  Pois           28%        N/A       13%         4
 Passage of Golubria      Tloc           28%        N/A       13%         4
 Agony                    Necr           28%        N/A       34%         5
 Borgnjor's Vile Clutch   Necr/Erth      14%        N/A       34%         5
 Lee's Rapid Deconstruct  Erth           14%        3d10*     34%         5
 Manifold Assault         Tloc           28%        N/A       34%         5
 Metabolic Englaciation   Hex/Ice        14%        N/A       34%         5
 Summon Forest            Summ/Tloc      14%        N/A       34%         5
 Eringya's Noxious Bog    Tmut/Pois      27%        N/A       34%         6
 Dragon Form              Tmut           36%        N/A       34%         7
 Death Channel            Necr           14%        N/A       89%         6
 Dispersal                Tloc           14%        N/A       89%         6
 Orb of Destruction       Conj           17%        9d7       100%        7
 Ozocubu's Refrigeration  Ice            14%        4d10      100%        7
 Spellforged Servitor     Conj/Summ      16%        N/A       100%        7
 Summon Hydra             Summ           14%        N/A       100%        7
 Lehudib's Crystal Spear  Conj/Erth      16%        10d5      100%        8
 Dragon's Call            Summ           14%        N/A       100%        9
 Polar Vortex             Ice            14%        N/A       100%        9
 Corpse Rot               Necr/Pois/Air  Unusable   N/A       N/A         4
 Animate Dead             Necr           Unusable   N/A       N/A         4
 Simulacrum               Ice/Necr       Unusable   N/A       N/A         6

Dungeon Overview and Level Annotations

Branches:
Dungeon (15/15)            Temple (0/1) D:7            Lair (5/5) D:10
 Shoals (4/4) Lair:3       Spider (1/4) Lair:3        Slime (0/5) Lair:5
    Orc (2/2) D:9             Elf (0/3) Orc:2        Vaults (0/5) D:14
 Depths (0/4) D:15        Ossuary (visited)

Altars:
Ashenzari
Fedhas
Gozag
Hepliaklqana
Kikubaaqudgha
Makhleb
Qazlal
Ru
Trog
Uskayaw
Wu Jian
Xom
Zin

Shops:
D:2 [   D:12 =::   Orc:2 [=*!   Shoals:1 :   Shoals:3 *

Annotations:
D:7 1 runed translucent door, Crazy Yiuf
D:8 3 runed translucent doors, exclusion: downstairs, raetorn's ghost, novice TrFi
D:10 exclusion: downstairs
D:13 exclusion: 2 downstairs
Lair:4 exclusion: downstairs
Shoals:3 exclusion: downstairs
Orc:1 2 transporters, Xiunex's ghost, journeyman TrBe


Innate Abilities, Weirdness & Mutations

You are a lightning-filled tempest!
Your electrical attacks strike out in all directions at once.
You are incredibly evasive.
Your insubstantial body is immune to petrification, constriction, and being set on fire You are flying.
You are immune to poison.
((You have sharp claws.))
((You have razor-sharp teeth.))
You have supernaturally acute eyesight. (SInv)
((You cover ground quickly. (Speed+)))
((Your thick and shaggy fur keeps you warm. (AC +3, rC+)))
((Your paws help you pounce on unaware monsters.))
You are incapable of wielding weapons or throwing items.
You cannot wear armour.
You gain extra lives every three experience levels.


Message History

Your lightning spire shoots out a bolt of lightning at the tentacle!
The bolt of electricity hits the tentacle!!
You see here 3 gold pieces.
The wind drake flaps its wings at you. The air twists around and strikes you.
The tentacle barely misses your lightning spire.
Something slaps your lightning spire!
Your lightning spire is destroyed!
Your lightning spire disappears in a puff of smoke!
The merfolk completely misses you.
Your wind drake bites the tentacle!
Your merfolk impaler hits the tentacle but does no damage.
Something slaps your wind drake!! Something misses your merfolk impaler.
You barely miss the merfolk. Something slaps your wind drake!
The tentacle barely misses your wind drake. x2
Something slaps your merfolk impaler!! Something slaps your wind drake! x2
The tentacle misses your wind drake. The merfolk misses you.
You batter the merfolk!!
The merfolk is heavily wounded.
Your merfolk impaler hits the merfolk from afar with a +0 trident.
The merfolk hits you with a +0 trident!
* * * LOW HITPOINT WARNING * * *
Your merfolk impaler closely misses the merfolk.
Unknown command.
You hit the merfolk.
The merfolk is severely wounded.
The tentacle slaps your wind drake. x2
Your wind drake dies!
Your wind drake's corpse dissolves into shadows!
Your merfolk impaler hits the merfolk from afar with a +0 trident!
The merfolk completely misses you. The wind drake flaps its wings at you.
The air twists around and strikes you.
* * * LOW HITPOINT WARNING * * *
You batter the merfolk!!
You kill the merfolk!
Your merfolk impaler barely misses the wind drake.
The wind drake flaps its wings at you. The air twists around and strikes you!
You die...
Your body crumbles into a pile of gold.

.≈~~~~~~..~..~.~
.~≈~~~~(~~~~≈~~#
.≈~~~~~~~~~≈~~.#..........#
.~≈~~≈~~≈~~~:~.#.....^....#
.~)~~≈~www─**.≈#..........# ~
≈~:~~.$w/w─\│≈##........... ≈~~
XX~~~..≈..~─X##.......:....
≈≈$~#######$.~#####.............
~~.~~~~~~~....mv................
~~~~~~~~~~$.k...$...............
≈≈≈≈~~~$~~~~$.........~~##.##~..
~≈≈≈≈≈~#~###$$.....~~~~#######..
~≈≈≈≈..### ###~~~~~~~##.~##~.###
~≈≈≈.~# ~~#~~~~~~##~~~≈...##
H~~≈.# ~~~##~~~~~###~#~#.###
~~~~. ~#~~ #~≈≈≈~###≈~[~≈~#.
~~~~. ~≈# #.≈≈≈.##~~#~#.###


You could see a wind drake (repels missiles, ally target) and a friendly merfolk
impaler (summoned).

Vanquished Creatures
  Gastronok (Orc:1)
  Ilsuiw (Shoals:3)
  A frost giant (Shoals:4)
  An orc warlord (Orc:2)
  A stone giant (Shoals:1)
  2 merfolk javelineers (Shoals:4)
  A quicksilver dragon zombie (D:15)
  4 merfolk impalers
  Fannar (Orc:1)
  5 vault guards (D:14)
  7 hydras
  3 boulder beetles
  A merfolk avatar (Shoals:3)
  An alligator snapping turtle (Shoals:2)
  2 catoblepae
  5 ogre magi
  4 centaur warriors
  16 two-headed ogres
  A death knight (D:15)
  A merfolk aquamancer (Shoals:4)
  2 death yaks (Lair:5)
  2 tengu warriors
  A vampire mage (D:15)
  Nergalle (D:11)
  5 skeletal warriors
  2 goliath frogs (Lair:5)
  2 pharaoh ants (Spider:1)
  An orb spider (Spider:1)
  3 sea snakes
  An orc knight (D:15)
  9 harpies
  11 ugly things
  6 manticores
  2 orc sorcerers (Orc:2)
  3 fauns
  9 elephants
  A fire giant skeleton (D:15)
  A frost giant skeleton (D:15)
  3 water nymphs
  3 cyclopes
  7 merfolk sirens
  Maurice (Orc:1)
  4 black mambas
  An unseen horror (D:7)
  7 rime drakes
  7 komodo dragons
  3 efreet (D:13)
  16 cane toads
  Psyche (D:10)
  2 polar bears (Lair:2)
  2 tengu conjurers
  19 merfolk
  6 trolls
  2 tyrant leeches (Lair:5)
  Prince Ribbit (D:6)
  A wind drake (Shoals:3)
  4 dream sheep (Lair:5)
  13 blink frogs
  6 slime creatures
  5 snapping turtles
  A jumping spider (Spider:1)
  A shadow (D:9)
  13 wyverns
  3 water elementals
  2 wraiths
  Grum (D:8)
  6 basilisks
  16 yaks
  A redback (Lair:3)
  3 steam dragons
  3 wargs
  16 vampire mosquitoes
  Menkaure (D:4)
  8 water moccasins
  4 acid dragons
  2 sky beasts
  3 ice beasts
  20 ogres
  14 orc warriors
  4 boggarts (D:13)
  10 centaurs
  4 wolves (D:8)
  4 kobold brigands
  2 phantoms
  2 elf zombies (Ossuary)
  22 bullfrogs
  2 necrophages
  A gnoll sergeant (D:11)
  2 scorpions
  A wight (D:8)
  6 killer bees (D:9)
  A vampire bat (Lair:1)
  3 electric eels
  9 howler monkeys
  A crimson imp (D:5)
  2 jellies (D:4)
  14 orc priests
  A hound (D:5)
  3 human zombies (Ossuary)
  2 gnoll boudas (D:7)
  2 centaur zombies (Ossuary)
  Jessica (D:3)
  2 iguanas
  19 orc wizards
  5 hell rats (Lair:3)
  3 mummies (Ossuary)
  7 adders
  11 gnolls
  A shadow imp (D:7)
  A white imp (D:5)
  An ufetubus (D:5)
  6 adder zombies (Ossuary)
  5 dart slugs
  50 orcs
  3 ball pythons
  4 endoplasms
  5 giant cockroaches
  A gnoll zombie (Ossuary)
  9 goblins
  3 hobgoblins
  3 jackals (D:3)
  16 bats
  4 frilled lizards
  2 goblin zombies (Ossuary)
  3 hobgoblin zombies (Ossuary)
  4 jackal zombies (Ossuary)
  23 kobolds
  4 kobold zombies (Ossuary)
  An orc zombie (Ossuary)
  2 quokka zombies (Ossuary)
  2 rats (D:2)
  3 rat zombies (Ossuary)
655 creatures vanquished.

Vanquished Creatures (collateral kills)
  Saint Roka (Orc:2)
  Frances (Shoals:1)
  Louise (Shoals:3)
  A merfolk javelineer (Shoals:3)
  2 boulder beetles
  A hydra (Lair:4)
  3 vault guards
  2 centaur warriors
  A death knight (D:15)
  4 two-headed ogres
  3 death yaks (Lair:5)
  3 skeletal warriors
  4 sea snakes
  Lodul (D:11)
  A golden dragon skeleton (D:15)
  A deep elf pyromancer (D:13)
  A wolf spider (Spider:1)
  11 ugly things
  A necromancer (D:15)
  2 harpies (Shoals:1)
  An orc sorcerer (Orc:2)
  2 fauns
  5 cyclopes
  A manticore (Shoals:1)
  10 elephants
  2 black mambas (Lair:4)
  4 merfolk sirens
  3 water nymphs (Shoals:4)
  2 cane toads
  A rime drake (Lair:5)
  2 trolls (D:11)
  2 wind drakes
  A meliai (Spider:1)
  10 merfolk
  A slime creature (D:13)
  8 blink frogs
  2 snapping turtles
  9 yaks
  2 wyverns (Lair:3)
  3 wraiths
  5 vampire mosquitoes
  An acid dragon (D:11)
  A water moccasin (Lair:3)
  3 orc warriors
  11 ogres
  A centaur (Shoals:1)
  6 bullfrogs
  An orc priest (Orc:1)
  4 orc wizards
  3 hell rats (Lair:3)
  A gnoll (D:11)
  8 orcs
161 creatures vanquished.

Vanquished Creatures (others)
  A manticore (Shoals:1)
  2 bushes (Lair:4)
  67 fungi
  165 plants
  18 tentacles (Shoals:4)
  12 withered plants (D:15)
265 creatures vanquished.

Grand Total: 1081 creatures vanquished

Notes
Turn   | Place    | Note
-------+----------+-------------------------------------------
     0 | D:1      | 112233 the Felid Air Elementalist began the quest for the
                  | Orb.
     0 | D:1      | Reached XP level 1. HP: 7/7 MP: 4/4
    26 | D:1      | Reached skill level 1 in Conjurations
   638 | D:1      | Reached XP level 2. HP: 11/11 MP: 0/6
  1059 | D:2      | Reached XP level 3. HP: 14/14 MP: 3/7
  1333 | D:2      | Found a faded altar of an unknown god.
  1702 | D:2      | Found Joud's Armour Shoppe.
  1990 | D:2      | Learned a level 2 spell: Static Discharge
  1994 | D:2      | Learned a level 3 spell: Swiftness
  2272 | D:3      | Noticed Jessica
  2281 | D:3      | Killed Jessica
  2282 | D:3      | Reached XP level 4. HP: 15/18 MP: 7/8
  3107 | D:4      | Noticed Menkaure
  3114 | D:4      | Killed Menkaure
  3115 | D:4      | Reached XP level 5. HP: 15/21 MP: 7/9
  3347 | D:4      | Gained mutation: You are covered in thick fur. (AC +2)
                  | [Felid growth]
  3347 | D:4      | Reached XP level 6. HP: 9/24 MP: 3/10
  4384 | D:3      | Found a bloodstained altar of Trog.
  4451 | D:3      | Found a stormy altar of Qazlal.
  4602 | D:5      | Entered Level 5 of the Dungeon
  4731 | D:5      | Reached XP level 7. HP: 15/27 MP: 1/11
  5179 | D:5      | Found a broken altar of Ashenzari.
  5216 | D:5      | Found a sand-covered staircase.
  5224 | Ossuary  | Entered an ossuary
  6208 | Ossuary  | Reached XP level 8. HP: 30/31 MP: 12/12
  6896 | D:5      | Learned a level 4 spell: Airstrike
  7038 | D:5      | Found an opulent altar of Gozag.
  7109 | D:5      | Found a shimmering altar of Xom.
  7167 | D:5      | Became a worshipper of Gozag Ym Sagoz the Greedy
  7357 | D:5      | Found a burning altar of Makhleb.
  7361 | D:5      | Noticed a green death
  7364 | D:5      | Found a glowing silver altar of Zin.
  7364 | D:5      | Noticed an angel
  7593 | D:6      | Reached skill level 1 in Fighting
  7962 | D:6      | Killed by an exploding butterfly... ignited by their inner
                  | flame
  7963 | D:6      | Reached XP level 7. HP: -14/29 MP: 0/22
  7974 | D:6      | Got the Omnibus of the Generative Iceberg
  8129 | D:6      | Noticed Prince Ribbit
  8136 | D:6      | Slain by Prince Ribbit
  8137 | D:6      | Reached XP level 6. HP: -4/27 MP: 0/21
  8161 | D:6      | Reached XP level 7. HP: 29/30 MP: 14/14
  8268 | D:6      | Killed Prince Ribbit
  8652 | D:6      | Found a blossoming altar of Fedhas.
  8712 | D:7      | Reached skill level 5 in Dodging
  8763 | D:7      | Reached XP level 8. HP: 22/34 MP: 7/16
  8883 | D:7      | Found an ornate altar of the Wu Jian Council.
  8892 | D:7      | Identified the +8 whip "Iruyrid" {freeze, rPois rC- Str+5}
  8926 | D:7      | Noticed an unseen horror
  8935 | D:7      | Killed an unseen horror
  8936 | D:7      | Reached skill level 5 in Spellcasting
  9263 | D:7      | Reached skill level 10 in Air Magic
  9530 | D:7      | Found a staircase to the Ecumenical Temple.
  9535 | D:7      | Found a hide-covered altar of Uskayaw.
  9598 | D:7      | Reached XP level 9. HP: 39/39 MP: 15/18
 10097 | D:7      | Found a runed translucent door.
 10098 | D:7      | Noticed Crazy Yiuf
 10697 | D:8      | Noticed Grum
 10709 | D:8      | Killed Grum
 10924 | D:8      | Noticed a troll
 10925 | D:8      | Noticed a tengu conjurer
 11225 | D:8      | Found a sacrificial altar of Ru.
 11243 | D:8      | Found a runed translucent gate.
 11243 | D:8      | Found a runed translucent gate.
 11243 | D:8      | Found a runed translucent gate.
 11245 | D:8      | Found an opulent altar of Gozag.
 11246 | D:8      | Noticed a centaur warrior
 11248 | D:8      | Noticed raetorn's ghost (novice TrFi)
 11952 | D:8      | Killed a troll
 11953 | D:8      | Reached skill level 5 in Fighting
 12154 | D:8      | Noticed a boulder beetle
 12165 | D:8      | Killed a tengu conjurer
 12166 | D:8      | Reached XP level 10. HP: 39/44 MP: 12/21
 13032 | D:9      | Identified the +1 robe of Jaong {Harm rElec rF+ Will+}
 13094 | D:9      | Learned a level 2 spell: Passwall
 13275 | D:9      | Found a staircase to the Orcish Mines.
 13498 | D:10     | Entered Level 10 of the Dungeon
 14653 | D:10     | Found a staircase to the Lair.
 14667 | D:10     | Noticed Psyche
 14670 | D:10     | Killed Psyche
 14871 | D:10     | Found an ancient bone altar of Kikubaaqudgha.
 14906 | D:10     | Found a hazy altar of Hepliaklqana.
 15144 | D:11     | Noticed Nergalle
 15144 | D:11     | Noticed a tengu warrior
 16216 | D:10     | Killed a tengu warrior
 16217 | D:10     | Reached XP level 11. HP: 27/49 MP: 5/24
 16423 | Orc:1    | Entered Level 1 of the Orcish Mines
 16442 | Orc:1    | Noticed Maurice
 16446 | Orc:1    | Killed Maurice
 16640 | Orc:1    | Noticed Fannar
 16651 | Orc:1    | Killed Fannar
 16875 | Orc:1    | Noticed Xiunex's ghost (journeyman TrBe)
 16875 | Orc:1    | Noticed a two-headed ogre
 16876 | Orc:1    | Found a transporter.
 16876 | Orc:1    | Found a transporter.
 16876 | Orc:1    | Identified the +6 giant club of Vylorou {elec, rN+ Will+
                  | Int+5}
 16876 | Orc:1    | Noticed an ettin
 16877 | Orc:1    | Noticed a two-headed ogre
 16877 | Orc:1    | Noticed a two-headed ogre
 16877 | Orc:1    | Noticed a two-headed ogre
 16882 | Orc:1    | Noticed Gastronok
 16890 | Orc:1    | Killed Gastronok
 17296 | Orc:2    | Entered Level 2 of the Orcish Mines
 17296 | Orc:2    | Found a staircase to the Elven Halls.
 17297 | Orc:2    | Noticed an orc sorcerer
 17301 | Orc:2    | Killed an orc sorcerer
 17777 | Orc:2    | Noticed an orc sorcerer
 17778 | Orc:2    | Noticed Saint Roka
 17943 | Orc:2    | Killed an orc sorcerer
 17944 | Orc:2    | Reached skill level 10 in Dodging
 18058 | Lair:1   | Entered Level 1 of the Lair of Beasts
 18137 | Lair:1   | Noticed a four-headed hydra
 18147 | Lair:1   | Killed a four-headed hydra
 18148 | Lair:1   | Reached skill level 10 in Spellcasting
 20395 | Lair:2   | Gained mutation: Your thick and shaggy fur keeps you warm.
                  | (AC +3, rC+) [Felid growth]
 20395 | Lair:2   | Reached XP level 12. HP: 55/55 MP: 12/27
 21011 | Lair:2   | Noticed a six-headed hydra
 21033 | Lair:2   | Killed a six-headed hydra
 21681 | Lair:2   | Noticed a boulder beetle
 21691 | Lair:2   | Killed a boulder beetle
 22355 | Lair:3   | Learned a level 4 spell: Summon Lightning Spire
 22361 | Lair:3   | Learned a level 5 spell: Lightning Bolt
 22495 | Lair:3   | Slain by a komodo dragon
 22496 | Lair:3   | Reached XP level 11. HP: -2/52 MP: 0/36
 22499 | Lair:3   | Found a hole to the Spider Nest.
 23232 | Lair:3   | Reached XP level 12. HP: 41/57 MP: 12/28
 24178 | Lair:3   | Found a staircase to the Shoals.
 24426 | Lair:3   | Noticed a seven-headed hydra
 24432 | Lair:3   | Killed a seven-headed hydra
 25424 | Lair:4   | Noticed a five-headed hydra
 25432 | Lair:4   | Killed a five-headed hydra
 26157 | Lair:4   | Reached XP level 13. HP: 36/61 MP: 22/30
 26981 | Lair:5   | Entered Level 5 of the Lair of Beasts
 27071 | Lair:5   | Reached skill level 10 in Fighting
 27623 | D:11     | Noticed Lodul
 28042 | D:11     | Killed Lodul
 28051 | D:11     | Killed Nergalle
 28139 | D:10     | HP: 3/61 [two-headed ogre/+0 dire flail (9)]
 29594 | D:11     | You fall into a shaft and drop 1 floor!
 31767 | D:13     | Reached XP level 14. HP: 66/66 MP: 28/32
 34867 | Lair:5   | Found a staircase to the Slime Pits.
 37202 | Orc:2    | Killed Saint Roka
 37715 | Orc:2    | Found Qaixo's Antique Armour Emporium.
 37716 | Orc:2    | Found Ceduomoo's General Store.
 37741 | Orc:2    | Reached skill level 15 in Dodging
 37922 | Orc:2    | Found Nuadu's Distillery.
 37922 | Orc:2    | Found Fepiwunk's Jewellery Shop.
 38144 | Orc:2    | Reached skill level 15 in Air Magic
 38144 | Orc:2    | Reached XP level 15. HP: 71/71 MP: 21/34
 38361 | Orc:2    | Reached skill level 15 in Spellcasting
 38629 | Orc:2    | Bought a potion of curing for 48 gold pieces
 38629 | Orc:2    | Bought a potion of haste for 160 gold pieces
 38629 | Orc:2    | Bought a scroll of teleportation for 48 gold pieces
 38630 | Orc:2    | Bought a potion of magic for 80 gold pieces
 38630 | Orc:2    | Bought a potion of heal wounds for 50 gold pieces
 38630 | Orc:2    | Bought a potion of heal wounds for 50 gold pieces
 38630 | Orc:2    | Bought a potion of heal wounds for 50 gold pieces
 38630 | Orc:2    | Bought a potion of degeneration for 10 gold pieces
 38630 | Orc:2    | Bought a potion of curing for 30 gold pieces
 38630 | Orc:2    | Bought a potion of cancellation for 80 gold pieces
 38653 | Orc:1    | Noticed an orc warlord
 38971 | Orc:2    | Killed an orc warlord
 39385 | Orc:2    | Bought 2 potions of berserk rage for 160 gold pieces
 39385 | Orc:2    | Bought a wand of digging (3) for 201 gold pieces
 41803 | D:14     | Found a gate to the Vaults.
 43214 | D:15     | Entered Level 15 of the Dungeon
 44209 | D:12     | Bought a book of Lightning for 540 gold pieces
 44209 | D:12     | Bought a book of Spatial Translocations for 390 gold pieces
 44218 | D:12     | Bought a book of the Sky for 880 gold pieces
 44226 | D:12     | Learned a level 7 spell: Storm Form
 44229 | D:12     | Learned a level 2 spell: Blink
 44235 | D:12     | Learned a level 5 spell: Silence
 44244 | D:12     | Learned a level 8 spell: Maxwell's Capacitive Coupling
 44854 | D:14     | Reached skill level 1 in Transmutations
 48123 | D:15     | Found a staircase to the Depths.
 48738 | Spider:1 | Entered Level 1 of the Spider Nest
 48873 | Spider:1 | Reached XP level 16. HP: 76/76 MP: 29/36
 48888 | Spider:1 | Blown up by an orb spider
 48889 | Spider:1 | Reached XP level 15. HP: -4/73 MP: 0/44
 49133 | Shoals:1 | Entered Level 1 of the Shoals
 49223 | Shoals:1 | Reached skill level 5 in Transmutations
 49271 | Shoals:1 | Noticed Frances
 49283 | Shoals:1 | Killed Frances
 49627 | Shoals:1 | Found Parhior's Book Emporium.
 49676 | Shoals:1 | Identified the ring of Touhijy {rPois rN+ EV+4 Dex+2
                  | Stlth+}
 49727 | Shoals:1 | Bought a book of Changes for 234 gold pieces
 51207 | Shoals:2 | Reached skill level 1 in Unarmed Combat
 52337 | Shoals:3 | Noticed Ilsuiw
 52404 | Shoals:3 | Killed Ilsuiw
 52659 | Shoals:3 | Noticed Louise
 52787 | Shoals:3 | Killed Louise
 52871 | Shoals:3 | Found Leen's CLEARANCE SALE!.
 52885 | Shoals:3 | Bought a scroll of teleportation for 12 gold pieces
 52885 | Shoals:3 | Bought a scroll of magic mapping for 30 gold pieces
 52885 | Shoals:3 | Bought a potion of mutation for 32 gold pieces
 53296 | Shoals:4 | Entered Level 4 of the Shoals
 53296 | Shoals:4 | Noticed a kraken
 53296 | Shoals:4 | Noticed a kraken
 53296 | Shoals:4 | Noticed a kraken
 53296 | Shoals:4 | Noticed a kraken
 53475 | Shoals:4 | Noticed a frost giant
 53483 | Shoals:4 | Killed a frost giant
 53494 | Shoals:4 | Hit by a silver javelin thrown by a merfolk javelineer
 53495 | Shoals:4 | Reached XP level 14. HP: -8/69 MP: 2/34
 55008 | Shoals:4 | Reached XP level 15. HP: 73/73 MP: 3/35
 55452 | Shoals:4 | Killed from afar by a wind drake

Illustrated notes

Levels and vault maps discovered:
D:1:      dpeg_arrival_lava_temple_mockup, layout_loops_ring
D:2:      layout_loops_ring, shapermc_ecumenical_altar_flowoftime, serial_shops,
          shop
D:3:      layout_basic, nicolae_qazlal_general_emergency, lemuel_round_altar,
          nrook_uturn, kennysheep_orc_chapel, uniq_jessica
D:4:      layout_basic, corexii_item_surrounded_by_moat,
          hangedman_abyss_or_decor_stagger, uniq_menkaure
D:5:      layout_cave_pools, grunt_temple_overflow_order_and_chaos_2,
          mainiacjoe_overflow_boulevard, nicolae_gozag_seed_capital,
          nicolae_ashenzari_panopticon, lightli_ossuary_entry_decrepit_ruins,
          minmay_fire_ice_demons
D:6:      layout_loops_ring, fedhas_altar_fruit_tree, uniq_prince_ribbit1
D:7:      hangedman_cross_stitches, layout_basic,
          nicolae_overflow_crystal_walls, mainiacjoe_overflow_brackets,
          minmay_temple_entry_sparse_star, minmay_misc_feat_encased,
          uniq_crazy_yiuf_cottage
D:8:      minmay_chambers_of_sixes, layout_basic, amcnicky_altar_gilded,
          ebering_ghost_gozag, enter_bailey_3,
          hangedman_abyss_or_decor_jellyfish_corner, uniq_grum
D:9:      layout_roguey, orc_0_dummy
D:10:     layout_irregular_city, mainiacjoe_overflow_two_lobes,
          erik_lair_orcish_takeover, uniq_psyche
D:11:     layout_loops_ring, kennysheep_small_square, uniq_nergalle, uniq_lodul
D:12:     layout_irregular_city, minmay_misc_feat_secret_circle
D:13:     layout_cave_pools, minmay_shattered_shrine
D:14:     layout_roguey, erik_vaults_2
D:15:     gammafunk_depths_entry_grave, layout_cave_pods,
          hellmonk_bongcloud_opening
Lair:1:   layout_layer_cave, roderic_batcave
Lair:2:   layout_chaotic_city, fungi_pond_lemuel, serial_bayou_lake_a
Lair:3:   layout_hall_layers, elwin_shoals_entry_stream, spider_nest_entry_webs,
          special_room [special_room_mythical_zoo], lemuel_fruit_tree
Lair:4:   layout_loops_ring
Lair:5:   minmay_lair_end_frog_pond, layout_long_grid, dpeg_slime_entry_corner,
          lemuel_fruit_fields
Shoals:1: layout_shoals, serial_shops, shop, hangedman_shoals_cup_caves,
          uniq_frances
Shoals:2: layout_shoals
Shoals:3: layout_shoals, nicolae_shop_clearance, uniq_ilsuiw, uniq_louise
Shoals:4: shoals_end_grunt_ice, layout_shoals, nicolae_shoals_kraken_party,
          uniq_mara
Spider:1: layout_chambers, uniq_roxanne
Orc:1:    layout_caves, gammafunk_ghost_smash, uniq_maurice, uniq_gastronok,
          uniq_fannar
Orc:2:    st_orc_ogre_mass, layout_caves, gauntlet_entry_generic,
          mines_bat_river, uniq_saint_roka

Skill      XL: |  1  2  3  4  5  6  7  8  9 10 11 12 13 14 15 |
---------------+----------------------------------------------+-----
Conjurations   | 1 |  1.0
Air Magic      | 3 4 6 7 8 10 11 12 13 15 16 | 16.2
Dodging        | 5 6 7 9 12 13 14 15 16 | 16.9
Fighting       | 3 4 5 6 9 8 10 13 12 | 13.0
Spellcasting   | 4 5 7 8 10 12 13 14 15 | 15.9
Transmutations | 8 7 |  8.3
Unarmed Combat | 4 |  4.7
Stealth        | |  2.8

Action                   |  1- 3 |  4- 6 |  7- 9 | 10-12 | 13-15 | 16-18 || total
-------------------------+-------+-------+-------+-------+-------+-------++-------
Melee: Unarmed           |     9 |       |    45 |    36 |   219 |       ||   309
       Bite              |       |       |     6 |     6 |    18 |       ||    30
       Punch             |       |       |     1 |       |     3 |       ||     4
 Cast: Shock             |    56 |   102 |   168 |     3 |       |       ||   329
       Static Discharge  |     1 |    18 |    56 |    15 |       |       ||    90
       Airstrike         |       |     1 |    97 |   383 |   480 |     1 ||   962
       Summon Lightning  |       |       |       |    33 |   194 |     2 ||   229
       Lightning Bolt    |       |       |       |     5 |   234 |       ||   239
       Passwall          |       |       |       |       |     1 |       ||     1
       Storm Form        |       |       |       |       |    19 |       ||    19
       Swiftness         |       |       |       |       |     1 |       ||     1
Invok: Potion Petition   |       |       |       |     7 |     5 |       ||    12
       Call Merchant     |       |       |       |       |     3 |       ||     3
 Abil: Blinkbolt         |       |       |       |       |     9 |       ||     9
Evoke: Wand              |       |       |       |     6 |    13 |       ||    19
  Use: Potion            |       |     1 |     2 |     2 |     2 |     1 ||     8
       Scroll            |       |       |     4 |     2 |    28 |       ||    34
 Stab: Sleeping          |     1 |       |     1 |     1 |       |       ||     3
       Distracted        |       |       |     1 |     1 |     2 |       ||     4
       Invisible         |       |       |       |     1 |       |       ||     1
       Paralysed         |       |       |       |       |     5 |       ||     5
Armor: Skin              |       |     2 |    23 |     9 |    29 |       ||    63
Dodge: Dodged            |    12 |    21 |   121 |   200 |   730 |     6 ||  1090
